[Event "ICC tourney 2202 (30 10)"]
[Site "Internet Chess Club"]
[Date "2020.12.13"]
[Round "1"]
[White "e4f5"]
[Black "wangfang75"]
[Result "1-0"]
[ICCResult "Black resigns"]
[WhiteElo "2253"]
[BlackElo "1858"]
[Opening "Ruy Lopez: Anderssen variation"]
[ECO "C77"]
[NIC "RL.12"]
[Time "11:04:55"]
[PlyCount "43"]
[TimeControl "1800+10"]


1. e4 e5 2. Nf3 Nc6 3. Bb5 a6 4. Ba4 Nf6 5. d3 b5 6. Bb3 Be7 7. O-O O-O 8.
Bd5 Bd6 9. Bg5 h6 10. Bh4 Re8 11. Nbd2 Bb7 12. Re1 Rb8 13. Nf1 Bc5 14. Ne3
d6 15. Rf1 Nd4 16. Bxb7 Rxb7 17. Nxd4 Bxd4 18. Ng4 Re6 19. Bxf6 gxf6 20.
Nxh6+ Kg7 21. Nf5+ Kf8 22. Qh5 { Black resigns } 1-0

[Event "ICC tourney 2202 (30 10)"]
[Site "Internet Chess Club"]
[Date "2020.12.13"]
[Round "1"]
[White "Volkov"]
[Black "mchessmaster"]
[Result "1-0"]
[ICCResult "Black resigns"]
[WhiteElo "2607"]
[BlackElo "1976"]
[Opening "QGA: 3.e4"]
[ECO "D20"]
[NIC "QG.04"]
[Time "11:04:53"]
[PlyCount "49"]
[TimeControl "1800+10"]


1. d4 d5 2. c4 dxc4 3. e4 e5 4. Nf3 exd4 5. Bxc4 c5 6. Ne5 Qe7 7. Nxf7 Be6
8. Bxe6 Qxe6 9. Nxh8 Qxe4+ 10. Qe2 Qxe2+ 11. Kxe2 g6 12. Re1 Bg7 13. Kf1+
Kf8 14. Bf4 Bxh8 15. Bd6+ Kf7 16. Bxc5 Nd7 17. Ba3 Rc8 18. Nd2 Ngf6 19.
Rac1 Rxc1 20. Rxc1 b5 21. Rc8 Bg7 22. Ra8 Nd5 23. Rxa7 Ke6 24. Rb7 N7b6 25.
Rxg7 { Black resigns } 1-0

[Event "ICC tourney 2202 (30 10)"]
[Site "Internet Chess Club"]
[Date "2020.12.13"]
[Round "1"]
[White "alexdora"]
[Black "mhebden"]
[Result "0-1"]
[ICCResult "White checkmated"]
[WhiteElo "1950"]
[BlackElo "2503"]
[Opening "Scotch: Schmidt variation"]
[ECO "C45"]
[NIC "SO.04"]
[Time "11:04:53"]
[PlyCount "64"]
[TimeControl "1800+10"]


1. e4 e5 2. Nf3 Nc6 3. d4 exd4 4. Nxd4 Nf6 5. Nxc6 bxc6 6. Bd3 d5 7. e5 Ng4
8. O-O Bc5 9. Bf4 g5 10. Bd2 Qe7 11. Qe2 O-O 12. Nc3 Qxe5 13. Qxe5 Nxe5 14.
Bxg5 Nxd3 15. cxd3 Bf5 16. Rfd1 Rfe8 17. Kf1 Re6 18. d4 Bd6 19. h3 h5 20.
Rac1 Kh7 21. Na4 Rg8 22. h4 f6 23. Be3 Rg4 24. Nc5 Re7 25. Rc3 Rxh4 26. b4
Rg7 27. Kg1 Rhg4 28. g3 h4 29. Rdc1 hxg3 30. fxg3 Rxg3+ 31. Kf2 Rg2+ 32.
Kf3 R7g3# { White checkmated } 0-1

[Event "ICC tourney 2202 (30 10)"]
[Site "Internet Chess Club"]
[Date "2020.12.13"]
[Round "1"]
[White "iszerencsy"]
[Black "rychessmaster1"]
[Result "0-1"]
[ICCResult "White resigns"]
[WhiteElo "1377"]
[BlackElo "2180"]
[Opening "Caro-Kann: advance variation"]
[ECO "B12"]
[NIC "CK.02"]
[Time "11:04:51"]
[PlyCount "70"]
[TimeControl "1800+10"]


1. e4 c6 2. d4 d5 3. e5 c5 4. dxc5 e6 5. b4 a5 6. c3 axb4 7. cxb4 b6 8.
Bb5+ Bd7 9. Bxd7+ Nxd7 10. Nf3 bxc5 11. bxc5 Bxc5 12. O-O Ne7 13. Bf4 Ng6
14. Bg3 O-O 15. h4 Qb6 16. Nbd2 Rfc8 17. Nb3 h6 18. Re1 Bb4 19. Re3 Rc4 20.
Rc1 Rxc1 21. Nxc1 Ne7 22. Qe2 Nf5 23. Rb3 Nc5 24. Rb1 Ne4 25. Nd3 Nc3 26.
Qe1 Nxb1 27. Qxb1 Bc5 28. Qxb6 Bxb6 29. Kh2 Rxa2 30. Nb4 Re2 31. Nd3 Kf8
32. Nf4 Ra2 33. Nd3 Ke7 34. Nb4 Ra4 35. Nc6+ Kd7 { White resigns } 0-1

[Event "ICC tourney 2202 (30 10)"]
[Site "Internet Chess Club"]
[Date "2020.12.13"]
[Round "1"]
[White "Pifischer"]
[Black "Openyagami"]
[Result "0-1"]
[ICCResult "White resigns"]
[WhiteElo "1976"]
[BlackElo "2604"]
[Opening "Sicilian: Labourdonnais-Löwenthal (Kalashnikov) variation"]
[ECO "B32"]
[NIC "SI.32"]
[Time "11:04:58"]
[PlyCount "70"]
[TimeControl "1800+10"]


1. e4 c5 2. Nf3 Nc6 3. d4 cxd4 4. Nxd4 e5 5. Nb5 d6 6. N1c3 a6 7. Na3 b5 8.
Nd5 Nge7 9. c3 Nxd5 10. exd5 Ne7 11. c4 g6 12. Bd2 Bg7 13. Bc3 O-O 14. Be2
bxc4 15. Nxc4 Bb7 16. Ba5 Qb8 17. Nb6 Qd8 18. Nc4 Qc8 19. Nxd6 Qd7 20. Nxb7
Qxb7 21. Bc4 Rac8 22. Qb3 Qa7 23. Bb6 Qa8 24. a4 Rxc4 25. Qxc4 Nxd5 26. Bc5
Rc8 27. O-O a5 28. Rac1 Bh6 29. Rc2 Nf4 30. f3 Ne6 31. Qh4 Rxc5 32. Rxc5
Be3+ 33. Kh1 Bxc5 34. Rd1 Bd4 35. Qe7 Qc6 { White resigns } 0-1

[Event "ICC tourney 2202 (30 10)"]
[Site "Internet Chess Club"]
[Date "2020.12.13"]
[Round "1"]
[White "TjkTiger"]
[Black "DualMoneytime"]
[Result "1-0"]
[ICCResult "Black resigns"]
[WhiteElo "2602"]
[BlackElo "1960"]
[Opening "English: four knights, Nimzovich variation"]
[ECO "A28"]
[NIC "EO.09"]
[Time "11:05:46"]
[PlyCount "55"]
[TimeControl "1800+10"]


1. c4 e5 2. Nc3 Nf6 3. Nf3 Nc6 4. e4 d6 5. h3 g6 6. d3 Bg7 7. g3 O-O 8. Bg2
Nh5 9. Bg5 f6 10. Be3 f5 11. exf5 gxf5 12. Ng5 Nf6 13. Qd2 h6 14. Nf3 Kh7
15. d4 e4 16. Nh4 d5 17. g4 dxc4 18. Nxf5 Bxf5 19. gxf5 Qd7 20. Nxe4 Qxf5
21. Ng3 Qb5 22. Rc1 Rae8 23. O-O Nb4 24. a4 Qxa4 25. Rxc4 a5 26. Rxc7 Nbd5
27. Rxg7+ Kxg7 28. Bxh6+ { Black resigns } 1-0

[Event "ICC tourney 2202 (30 10)"]
[Site "Internet Chess Club"]
[Date "2020.12.13"]
[Round "1"]
[White "youngjp"]
[Black "bopala"]
[Result "1-0"]
[ICCResult "Black resigns"]
[WhiteElo "2469"]
[BlackElo "1939"]
[Opening "Giuoco Pianissimo"]
[ECO "C55"]
[NIC "IG.01"]
[Time "11:13:40"]
[PlyCount "49"]
[TimeControl "1800+10"]


1. e4 e5 2. Nf3 Nc6 3. Bc4 Nf6 4. d3 Bc5 5. O-O h6 6. c3 d6 7. a4 a5 8. Na3
O-O 9. Nc2 Bb6 10. Be3 Bxe3 11. Nxe3 Be6 12. Qb3 Bxc4 13. Qxc4 Ne7 14. Rfe1
Ng6 15. Rad1 Re8 16. d4 exd4 17. Rxd4 Qd7 18. Nf1 Ne5 19. Nxe5 Rxe5 20. f4
Re6 21. e5 Nh7 22. f5 Re7 23. e6 Qe8 24. exf7+ Qxf7 25. Rxe7 { Black
resigns } 1-0

[Event "ICC tourney 2202 (30 10)"]
[Site "Internet Chess Club"]
[Date "2020.12.13"]
[Round "1"]
[White "sye"]
[Black "espark"]
[Result "0-1"]
[ICCResult "White checkmated"]
[WhiteElo "1905"]
[BlackElo "2338"]
[Opening "Queen's Indian accelerated"]
[ECO "A50"]
[NIC "QP.07"]
[Time "11:04:54"]
[PlyCount "72"]
[TimeControl "1800+10"]


1. d4 Nf6 2. c4 b6 3. Nf3 Bb7 4. g3 Bxf3 5. exf3 d5 6. cxd5 Nxd5 7. Bg2 e6
8. O-O Be7 9. Nc3 c6 10. f4 g6 11. Re1 Nd7 12. f5 gxf5 13. Bh6 N7f6 14. Bg7
Rg8 15. Bxf6 Bxf6 16. Qh5 Kf8 17. Rad1 Rg7 18. Re2 Kg8 19. Rc2 Qd7 20. a3
a5 21. Ne2 Kh8 22. Rdc1 Rc8 23. h4 Be7 24. Nc3 f4 25. Nxd5 exd5 26. Bxd5
fxg3 27. f4 g2 28. Qf3 Rcg8 29. Rxc6 Rg3 30. Qh5 Qh3 31. Qe5+ f6 32. Qxe7
Qh1+ 33. Kf2 g1=Q+ 34. Rxg1 Qxg1+ 35. Ke2 Qh2+ 36. Ke1 Rg1# { White
checkmated } 0-1

[Event "ICC tourney 2202 (30 10)"]
[Site "Internet Chess Club"]
[Date "2020.12.13"]
[Round "1"]
[White "speedyplot"]
[Black "Suraj240704"]
[Result "1/2-1/2"]
[ICCResult "Game drawn because neither player has mating material"]
[WhiteElo "1849"]
[BlackElo "2193"]
[Opening "Sicilian: Najdorf"]
[ECO "B90"]
[NIC "SI.14"]
[Time "11:05:33"]
[PlyCount "133"]
[TimeControl "1800+10"]


1. e4 c5 2. Nf3 d6 3. d4 cxd4 4. Nxd4 Nf6 5. Nc3 a6 6. a4 e5 7. Nf3 Be7 8.
Be2 O-O 9. O-O Nbd7 10. Bg5 Rb8 11. Qd2 b6 12. Rad1 Bb7 13. Bd3 Re8 14.
Rfe1 Qc7 15. Qe2 Nc5 16. Bxf6 Bxf6 17. Qf1 Be7 18. h3 Nxd3 19. Qxd3 Rec8
20. Nh2 Qc4 21. Nf1 Qxd3 22. Rxd3 Bc6 23. Ne3 g6 24. Red1 Bf8 25. Ng4 Kg7
26. R1d2 b5 27. axb5 axb5 28. Ne3 b4 29. Ncd5 Ba4 30. g4 h6 31. f4 exf4 32.
Nxf4 Re8 33. Rd4 Bc6 34. Ned5 Be7 35. Kg2 Bg5 36. Kg3 Bxd5 37. exd5 Bf6 38.
R4d3 Bxb2 39. Kf3 Rbc8 40. Rb3 Rc3+ 41. Rxc3 bxc3 42. Re2 Re5 43. Rxe5 dxe5
44. Nd3 f6 45. Ke4 Kf7 46. Nf2 Ba3 47. Kd3 Bc5 48. Ne4 Bd4 49. Nxc3 f5 50.
gxf5 gxf5 51. Ne2 Bc5 52. Ng3 Kf6 53. c4 Kg5 54. h4+ Kf4 55. Nf1 e4+ 56.
Ke2 h5 57. Nd2 Ke5 58. Nb3 Be7 59. Na5 Bxh4 60. Nc6+ Kd6 61. Nd4 Kc5 62.
Nxf5 Bg5 63. d6 Kxc4 64. Ng7 Kd5 65. Nxh5 Kxd6 66. Ng3 Kd5 67. Nxe4 { Game
drawn because neither player has mating material } 1/2-1/2

[Event "ICC tourney 2202 (30 10)"]
[Site "Internet Chess Club"]
[Date "2020.12.13"]
[Round "1"]
[White "MrNormalName"]
[Black "pstots"]
[Result "1/2-1/2"]
[ICCResult "Game drawn because neither player has mating material"]
[WhiteElo "2181"]
[BlackElo "1599"]
[Opening "Queen's pawn: Franco-Indian (Keres) defense"]
[ECO "A40"]
[NIC "QO.17"]
[Time "11:05:31"]
[PlyCount "242"]
[TimeControl "1800+10"]


1. d4 e6 2. c4 Bb4+ 3. Bd2 Bxd2+ 4. Nxd2 Nf6 5. Ngf3 O-O 6. g3 d5 7. Bg2
Re8 8. O-O Nc6 9. cxd5 exd5 10. Rc1 Bf5 11. Nb3 Qe7 12. Re1 Rad8 13. Nc5
Rb8 14. Qa4 Ne4 15. b4 Nxc5 16. Rxc5 Be4 17. b5 Bxf3 18. bxc6 Bxg2 19. Kxg2
b6 20. Rc3 a5 21. Qc2 Qf6 22. e3 Re6 23. Rc1 Rd8 24. Qd3 h6 25. Qa6 Kh7 26.
Qb7 Qe7 27. Rb3 h5 28. Rxb6 cxb6 29. c7 Re8 30. c8=Q Rxc8 31. Qxe7 Rxe7 32.
Rxc8 Re6 33. Rd8 Rc6 34. Rxd5 g6 35. Rb5 Rc2 36. Rxb6 Rxa2 37. Rb7 Kg7 38.
h4 Kf6 39. Kf3 a4 40. Ra7 a3 41. e4 Rd2 42. Ke3 Ra2 43. Ra6+ Ke7 44. d5 Ra1
45. Kf4 Rf1 46. f3 Ra1 47. Ra7+ Ke8 48. e5 a2 49. Ra8+ Ke7 50. Ra7+ Ke8 51.
d6 Kf8 52. Ra8+ Kg7 53. Ra7 Kf8 54. Ra8+ Kg7 55. d7 Rd1 56. Rxa2 Rxd7 57.
Ra8 Rd4+ 58. Ke3 Rd1 59. Ra7 Rd5 60. Ke4 Rb5 61. e6 Kf6 62. exf7 Kg7 63.
Rd7 Rb4+ 64. Ke5 Rb1 65. Ke6 Re1+ 66. Kd6 Re3 67. g4 Rxf3 68. g5 Rf4 69.
Ke5 Rxh4 70. f8=Q+ Kxf8 71. Kf6 Rf4+ 72. Kxg6 Rg4 73. Rd8+ Ke7 74. Rh8 h4
75. Rh5 Kf8 76. Rh8+ Ke7 77. Kh6 Kf7 78. Rh7+ Kg8 79. Ra7 Rf4 80. Ra8+ Rf8
81. Ra4 h3 82. Rh4 Ra8 83. Rxh3 Rb8 84. Ra3 Rc8 85. Ra7 Rd8 86. Rg7+ Kh8
87. Rh7+ Kg8 88. Ra7 Rc8 89. Ra6 Rd8 90. Rf6 Rc8 91. Kg6 Rd8 92. Rc6 Rb8
93. Kf6 Rf8+ 94. Kg6 Rb8 95. Kf5 Rf8+ 96. Rf6 Rb8 97. Kg6 Rc8 98. Rd6 Rb8
99. Kh6 Rc8 100. Rg6+ Kh8 101. Rg7 Rd8 102. Rf7 Rc8 103. Rf1 Kg8 104. g6
Rd8 105. Rf6 Rc8 106. Rf7 Rd8 107. Rg7+ Kh8 108. Rh7+ Kg8 109. Ra7 Rc8 110.
Ra6 Re8 111. Rf6 Rc8 112. g7 Rd8 113. Ra6 Rc8 114. Kg6 Rd8 115. Ra7 Rc8
116. Re7 Rd8 117. Re5 Rc8 118. Rh5 Rc6+ 119. Kf5 Rc5+ 120. Kg6 Rxh5 121.
Kxh5 Kxg7 { Game drawn because neither player has mating material } 1/2-1/2

[Event "ICC tourney 2202 (30 10)"]
[Site "Internet Chess Club"]
[Date "2020.12.13"]
[Round "2"]
[White "clair"]
[Black "speedyplot"]
[Result "0-1"]
[ICCResult "White resigns"]
[WhiteElo "1682"]
[BlackElo "1849"]
[Opening "Queen's pawn: London system"]
[ECO "A45"]
[NIC "QP.07"]
[Time "13:01:59"]
[PlyCount "68"]
[TimeControl "1800+10"]


1. d4 Nf6 2. Bf4 g6 3. Nc3 d5 4. e3 Bg7 5. Nf3 c6 6. Be2 Bg4 7. Ne5 Bxe2 8.
Qxe2 Nbd7 9. Nxd7 Nxd7 10. h4 h5 11. Bg5 Qb6 12. b3 f6 13. Bf4 e5 14. Na4
Qa5+ 15. c3 exf4 16. exf4+ Kf7 17. O-O Rhe8 18. Qd2 f5 19. Rfe1 Nf6 20. Nc5
Ne4 21. Nxb7 Qc7 22. Qc1 Qxb7 23. g3 a5 24. Rb1 Re7 25. c4 Rae8 26. cxd5
cxd5 27. Qb2 Nd6 28. Rxe7+ Rxe7 29. Qa3 Qb4 30. Qb2 Re1+ 31. Rxe1 Qxe1+ 32.
Kg2 Qe4+ 33. Kg1 Bxd4 34. Qa3 Qe1+ { White resigns } 0-1

[Event "ICC tourney 2202 (30 10)"]
[Site "Internet Chess Club"]
[Date "2020.12.13"]
[Round "2"]
[White "Openyagami"]
[Black "youngjp"]
[Result "1-0"]
[ICCResult "Black resigns"]
[WhiteElo "2604"]
[BlackElo "2469"]
[Opening "QGD Slav: exchange variation"]
[ECO "D12"]
[NIC "EO.64"]
[Time "13:02:04"]
[PlyCount "53"]
[TimeControl "1800+10"]


1. c4 c6 2. Nf3 Nf6 3. d4 d5 4. e3 Bf5 5. cxd5 cxd5 6. Nc3 e6 7. Ne5 Bd6 8.
g4 Be4 9. f3 Bg6 10. h4 h5 11. Nxg6 Bg3+ 12. Ke2 fxg6 13. g5 Ng8 14. f4 Ne7
15. Kf3 Nf5 16. Bd3 Bxf4 17. Bxf5 gxf5 18. exf4 O-O 19. Be3 Nc6 20. Rc1 g6
21. Re1 e5 22. dxe5 d4 23. Qb3+ Rf7 24. Red1 Rc8 25. Nb5 Na5 26. Rxc8 Qxc8
27. Qxf7+ { Black resigns } 1-0

[Event "ICC tourney 2202 (30 10)"]
[Site "Internet Chess Club"]
[Date "2020.12.13"]
[Round "2"]
[White "Suraj240704"]
[Black "gtmorton"]
[Result "1-0"]
[ICCResult "Black resigns"]
[WhiteElo "2193"]
[BlackElo "1812"]
[Opening "Réti: advance variation"]
[ECO "A09"]
[NIC "RE.14"]
[Time "13:02:02"]
[PlyCount "49"]
[TimeControl "1800+10"]


1. Nf3 d5 2. c4 d4 3. g3 c5 4. d3 Nc6 5. Bg2 Nf6 6. O-O e5 7. e3 Bd6 8.
exd4 exd4 9. Re1+ Ne7 10. Bg5 Be6 11. Bxf6 gxf6 12. Nbd2 Qd7 13. Ne4 O-O-O
14. Nxf6 Qc7 15. a3 Nc6 16. Ng5 Be5 17. Nd5 Qd6 18. b4 Rd7 19. Ne4 Qb8 20.
Nxc5 Rdd8 21. b5 Bxd5 22. cxd5 Ne7 23. Rc1 Nxd5 24. Bxd5 Rxd5 25. Na6+ {
Black resigns } 1-0

[Event "ICC tourney 2202 (30 10)"]
[Site "Internet Chess Club"]
[Date "2020.12.13"]
[Round "2"]
[White "DualMoneytime"]
[Black "iszerencsy"]
[Result "1-0"]
[ICCResult "Black resigns"]
[WhiteElo "1960"]
[BlackElo "1377"]
[Opening "Sicilian: closed"]
[ECO "B23"]
[NIC "SI.44"]
[Time "13:01:55"]
[PlyCount "95"]
[TimeControl "1800+10"]


1. e4 c5 2. Nc3 e6 3. f4 d5 4. Nf3 d4 5. Bb5+ Bd7 6. Bxd7+ Qxd7 7. Ne2 Nc6
8. d3 g6 9. O-O O-O-O 10. Ng3 Bg7 11. f5 exf5 12. exf5 Ne5 13. Bf4 Re8 14.
Ne4 gxf5 15. Nxc5 Qd5 16. Bxe5 Bxe5 17. Nxe5 Qxe5 18. Nb3 Nf6 19. Qf3 Qe3+
20. Qxe3 dxe3 21. Rxf5 e2 22. Re1 Ng4 23. Rf4 Rhg8 24. h3 Ne5 25. Nd4 Rd8
26. Nxe2 Kb8 27. Nc3 Rde8 28. Kh1 Kc7 29. Rfe4 f6 30. Nd5+ Kd6 31. Nxf6 a5
32. Nxe8+ Rxe8 33. Rxe5 Rxe5 34. Rxe5 Kxe5 35. g3 Kd4 36. Kg2 Ke3 37. a4
Kd2 38. d4 Kxc2 39. d5 Kxb2 40. d6 b5 41. axb5 a4 42. b6 a3 43. b7 a2 44.
b8=Q+ Kc2 45. Qc7+ Kb3 46. Qb6+ Kc4 47. Qa6+ Kb3 48. Qxa2+ { Black resigns
} 1-0

[Event "ICC tourney 2202 (30 10)"]
[Site "Internet Chess Club"]
[Date "2020.12.13"]
[Round "2"]
[White "KRASAVCHIK"]
[Black "JonnyTurgi"]
[Result "1-0"]
[ICCResult "Black resigns"]
[WhiteElo "2648"]
[BlackElo "2087"]
[Opening "Caro-Kann: Panov-Botvinnik, Herzog defense"]
[ECO "B13"]
[NIC "CK.03"]
[Time "13:02:37"]
[PlyCount "53"]
[TimeControl "1800+10"]


1. e4 c6 2. d4 d5 3. exd5 cxd5 4. c4 Nf6 5. Nc3 Nc6 6. Bg5 dxc4 7. d5 Na5
8. Nf3 h6 9. Bh4 a6 10. Be2 g5 11. Bg3 Bg7 12. h4 g4 13. Ne5 h5 14. Nxc4
Nxc4 15. Bxc4 b5 16. Bb3 Bb7 17. a3 O-O 18. O-O Qd7 19. Re1 Rad8 20. Re5 a5
21. Qe2 Rfe8 22. Re1 b4 23. axb4 axb4 24. Ba4 Qc8 25. Bxe8 bxc3 26. Rxe7 c2
27. Bxf7+ { Black resigns } 1-0

[Event "ICC tourney 2202 (30 10)"]
[Site "Internet Chess Club"]
[Date "2020.12.13"]
[Round "2"]
[White "mhebden"]
[Black "e4f5"]
[Result "0-1"]
[ICCResult "White resigns"]
[WhiteElo "2503"]
[BlackElo "2253"]
[Opening "King's Indian: East Indian defense"]
[ECO "A48"]
[NIC "QP.06"]
[Time "13:01:53"]
[PlyCount "92"]
[TimeControl "1800+10"]


1. d4 Nf6 2. Nf3 g6 3. Nc3 d5 4. Bf4 Bg7 5. e3 O-O 6. Be2 Bg4 7. Ne5 Bxe2
8. Qxe2 c5 9. Qb5 Qb6 10. a4 cxd4 11. Qxb6 axb6 12. exd4 Nc6 13. Be3 e6 14.
f4 Rfc8 15. Kd2 Bf8 16. Nb5 Ne4+ 17. Kd1 Na7 18. Nxa7 Rxa7 19. Rf1 Rca8 20.
Ke2 b5 21. a5 Rxa5 22. Rxa5 Rxa5 23. g4 f6 24. Nd3 b6 25. f5 exf5 26. gxf5
g5 27. Nf2 Nxf2 28. Bxf2 Ra2 29. Rb1 Bd6 30. Bg3 Bxg3 31. hxg3 b4 32. Kd3
b5 33. b3 Ra6 34. g4 Rc6 35. Ra1 Rc3+ 36. Kd2 Rg3 37. Ra8+ Kg7 38. Ra7+ Kh6
39. Rf7 Rxg4 40. Rxf6+ Kg7 41. Rd6 Rxd4+ 42. Ke3 Re4+ 43. Kd3 Re5 44. f6+
Kg6 45. Kd4 Rf5 46. Kc5 Rxf6 { White resigns } 0-1

[Event "ICC tourney 2202 (30 10)"]
[Site "Internet Chess Club"]
[Date "2020.12.13"]
[Round "2"]
[White "wangfang75"]
[Black "alexdora"]
[Result "1-0"]
[ICCResult "Black resigns"]
[WhiteElo "1858"]
[BlackElo "1950"]
[Opening "Sicilian: Najdorf"]
[ECO "B90"]
[NIC "SI.14"]
[Time "13:02:19"]
[PlyCount "57"]
[TimeControl "1800+10"]


1. e4 c5 2. Nf3 d6 3. d4 cxd4 4. Nxd4 Nf6 5. Nc3 a6 6. f3 e5 7. Nb3 Be6 8.
Be3 Be7 9. Nd5 Bxd5 10. exd5 Nbd7 11. c4 Qc7 12. Rc1 O-O 13. Be2 Nh5 14. g3
f5 15. f4 exf4 16. Bd2 fxg3 17. Bxh5 g2 18. Rg1 Bh4+ 19. Ke2 f4 20. Rxg2
f3+ 21. Bxf3 Rae8+ 22. Be3 Ne5 23. Bh5 g6 24. Nd4 Rf6 25. Ne6 Qf7 26. Qd4
Kh8 27. Qxh4 gxh5 28. Rg7 Rf2+ 29. Qxf2 { Black resigns } 1-0

[Event "ICC tourney 2202 (30 10)"]
[Site "Internet Chess Club"]
[Date "2020.12.13"]
[Round "2"]
[White "pstots"]
[Black "kevinsun"]
[Result "1-0"]
[ICCResult "Black resigns"]
[WhiteElo "1599"]
[BlackElo "1161"]
[Opening "Sicilian: Nimzovich-Rossolimo attack (with ...g6, without ...d6)"]
[ECO "B31"]
[NIC "SI.31"]
[Time "13:02:13"]
[PlyCount "71"]
[TimeControl "1800+10"]


1. e4 c5 2. Nf3 Nc6 3. Bb5 g6 4. Bxc6 dxc6 5. O-O Bg7 6. Nc3 Nf6 7. d3 Bg4
8. h3 Bxf3 9. Qxf3 Nd7 10. Be3 b6 11. Rfd1 O-O 12. d4 cxd4 13. Bxd4 Qc7 14.
Bxg7 Kxg7 15. Qd3 Rfd8 16. Qe2 Nc5 17. Rxd8 Rxd8 18. Rd1 Rxd1+ 19. Qxd1 Qe5
20. Qe2 Ne6 21. Qa6 Nf4 22. Qxa7 Qg5 23. g3 Nxh3+ 24. Kg2 Nf4+ 25. Kf1 Ne6
26. Qxb6 Qc1+ 27. Kg2 Qxc2 28. a4 Qd3 29. Qe3 Qc2 30. Qe2 Qc1 31. Qc4 Qxb2
32. Qxc6 Qc2 33. a5 Nd4 34. Qc4 e5 35. a6 Ne2 36. a7 { Black resigns } 1-0

[Event "ICC tourney 2202 (30 10)"]
[Site "Internet Chess Club"]
[Date "2020.12.13"]
[Round "2"]
[White "mchessmaster"]
[Black "sye"]
[Result "1-0"]
[ICCResult "Black resigns"]
[WhiteElo "1976"]
[BlackElo "1905"]
[Opening "Sicilian: Scheveningen variation"]
[ECO "B80"]
[NIC "SI.19"]
[Time "13:01:58"]
[PlyCount "87"]
[TimeControl "1800+10"]


1. e4 c5 2. Nf3 e6 3. d4 cxd4 4. Nxd4 Nf6 5. Nc3 d6 6. Be3 a6 7. a4 Be7 8.
Bc4 O-O 9. O-O Nxe4 10. Nxe4 d5 11. Bd3 dxe4 12. Bxe4 f5 13. Bf3 e5 14. Nb3
e4 15. Be2 f4 16. Bc4+ Kh8 17. Qxd8 Bxd8 18. Bc5 Rf5 19. Rfe1 e3 20. fxe3
f3 21. e4 Rg5 22. g3 Bg4 23. h4 Rg6 24. e5 Nd7 25. Bd4 Bf5 26. e6 Rxg3+ 27.
Kh1 Bxh4 28. exd7 Bxd7 29. Bf2 Rg4 30. Bd4 Bxe1 31. Rxe1 Bxa4 32. Rd1 Rc8
33. Be6 Rh4+ 34. Kg1 Re8 35. Bf2 Rh6 36. Bf7 Rc8 37. Nd4 Rf6 38. Bd5 Bxc2
39. Nxc2 Rxc2 40. Bxb7 Rf8 41. Bxa6 Rxb2 42. Rd7 Rb6 43. Bxb6 h6 44. Bd4 {
Black resigns } 1-0

[Event "ICC tourney 2202 (30 10)"]
[Site "Internet Chess Club"]
[Date "2020.12.13"]
[Round "2"]
[White "espark"]
[Black "Volkov"]
[Result "0-1"]
[ICCResult "White resigns"]
[WhiteElo "2338"]
[BlackElo "2607"]
[Opening "French: Steinitz, Boleslavsky variation"]
[ECO "C11"]
[NIC "FR.04"]
[Time "13:01:54"]
[PlyCount "110"]
[TimeControl "1800+10"]


1. e4 e6 2. d4 d5 3. Nc3 Nf6 4. e5 Nfd7 5. f4 c5 6. Nf3 Nc6 7. Be3 Be7 8.
Qd2 b6 9. Bd3 Bb7 10. O-O-O c4 11. Be2 b5 12. Nxb5 Rb8 13. f5 exf5 14. Bg5
O-O 15. Nd6 f6 16. exf6 Nxf6 17. Nxf5 Ne4 18. Nxe7+ Nxe7 19. Qb4 Nxg5 20.
Nxg5 Nc6 21. Qd2 c3 22. Qe3 Re8 23. Qf4 Qf6 24. Qxf6 gxf6 25. Bh5 cxb2+ 26.
Kxb2 Ba6+ 27. Kc1 fxg5 28. Bxe8 Rxe8 29. Rhe1 Rc8 30. a3 Kf7 31. Rd2 Bc4
32. Rf2+ Kg7 33. c3 Bd3 34. Kd2 Bg6 35. Re6 Rc7 36. Rd6 Be4 37. c4 Na5 38.
Ra6 Nxc4+ 39. Ke2 Rb7 40. Rff6 Rb2+ 41. Ke1 Nxa3 42. Rfd6 Nc2+ 43. Kd1 Rb7
44. Ra4 Ne3+ 45. Ke2 Nxg2 46. Rda6 Nf4+ 47. Ke3 h5 48. Rxa7 Rxa7 49. Rxa7+
Kg6 50. Kf2 Kf5 51. Ra8 Kg4 52. Ra2 Kh3 53. Kf1 Ne6 54. Rd2 g4 55. Kg1 Ng5
{ White resigns } 0-1

[Event "ICC tourney 2202 (30 10)"]
[Site "Internet Chess Club"]
[Date "2020.12.13"]
[Round "2"]
[White "rychessmaster1"]
[Black "TjkTiger"]
[Result "1/2-1/2"]
[ICCResult "Game drawn by mutual agreement"]
[WhiteElo "2180"]
[BlackElo "2602"]
[Opening "Queen's pawn game"]
[ECO "D00"]
[NIC "QP.07"]
[Time "13:02:48"]
[PlyCount "155"]
[TimeControl "1800+10"]


1. d4 Nf6 2. Nc3 d5 3. Bf4 a6 4. e3 Bf5 5. f3 e6 6. g4 Bg6 7. h4 h5 8. g5
Ng8 9. Bd3 Ne7 10. Nge2 Nd7 11. e4 dxe4 12. fxe4 e5 13. dxe5 Nc6 14. e6
fxe6 15. Bc4 Qe7 16. Rf1 O-O-O 17. Qc1 Nce5 18. Bb3 Ng4 19. Bg3 e5 20. Nd5
Qc5 21. Rf3 Bxe4 22. Rc3 Qa5 23. Nxc7 Bb4 24. Ne6+ Bxc3+ 25. Nxc3 Nc5 26.
Nxd8 Rxd8 27. Ke2 Bc6 28. Qg1 Qb4 29. Rd1 Bb5+ 30. Ke1 Rxd1+ 31. Kxd1 Bc6
32. Kc1 Nxb3+ 33. axb3 Qd6 34. Qa7 Kd7 35. Na4 Qd4 36. Qxd4+ exd4 37. Nc5+
Ke7 38. Kd2 Ne3 39. Be5 Nf5 40. Kd3 g6 41. Bf4 Nxh4 42. Kxd4 Nf5+ 43. Ke5
h4 44. Nd3 h3 45. Nf2 Bg2 46. Ng4 Nd6 47. Kd4 Ke6 48. Ne3 Bc6 49. c4 Nf5+
50. Kd3 Nxe3 51. Kxe3 Kf5 52. b4 Kg4 53. Bb8 Kxg5 54. Kf2 Kh4 55. Bd6 g5
56. Kg1 g4 57. Kh2 Kg5 58. Kg3 Kf5 59. c5 Bd7 60. Be7 Ke6 61. Bf8 Kd5 62.
Bg7 Ke4 63. Bc3 Ke3 64. Bg7 Ke2 65. Bh8 Kd1 66. Bg7 Kc2 67. Bh8 Kb3 68. Bc3
Bc6 69. Kh2 Kc4 70. Kg3 Kd3 71. Bh8 Ke2 72. Bg7 Kf1 73. Bd4 Bf3 74. Kh2 Ke2
75. Kg3 Kd3 76. Bh8 Kc4 77. Bc3 Kb5 78. Kh2 { Game drawn by mutual
agreement } 1/2-1/2

[Event "ICC tourney 2202 (30 10)"]
[Site "Internet Chess Club"]
[Date "2020.12.13"]
[Round "2"]
[White "bopala"]
[Black "Pifischer"]
[Result "1-0"]
[ICCResult "Black checkmated"]
[WhiteElo "1939"]
[BlackElo "1976"]
[Opening "Nimzo-Indian: Reshevsky variation"]
[ECO "E46"]
[NIC "NI.10"]
[Time "13:02:02"]
[PlyCount "93"]
[TimeControl "1800+10"]


1. d4 Nf6 2. c4 e6 3. Nc3 Bb4 4. e3 O-O 5. Ne2 d5 6. a3 Be7 7. cxd5 exd5 8.
Nf4 c6 9. Be2 Bd6 10. O-O Re8 11. b4 Qc7 12. h3 b5 13. Bd2 Nbd7 14. Rc1 Qb7
15. a4 Bxb4 16. axb5 cxb5 17. Nxb5 Bxd2 18. Qxd2 Ne4 19. Qa2 Ndf6 20. Nc7
Bd7 21. Nxa8 Rxa8 22. Bf3 a6 23. Nxd5 Be6 24. Nxf6+ gxf6 25. Qc2 f5 26.
Bxe4 fxe4 27. Qc6 Qxc6 28. Rxc6 a5 29. Rd1 Bb3 30. Ra1 a4 31. Rb6 Rc8 32.
d5 Rc5 33. d6 Rd5 34. Kh2 Kg7 35. Kg3 f5 36. Kf4 h6 37. Rb7+ Kf6 38. d7 Ke7
39. Ra7 Rd2 40. Kxf5 Rxf2+ 41. Kxe4 Rxg2 42. Ra6 h5 43. Rh6 Rg5 44. Rh7+
Kd8 45. Rc1 Bd5+ 46. Kf4 Rg8 47. Rc8# { Black checkmated } 1-0